 Dungeon Crawl Stone Soup version 0.27-a0-695-gb4952372f7 (webtiles) character file.

Game seed: 16309453226558525454

11687 tilp the Placeless Ogre (level 11, -12/111 HPs)
             Began as an Ogre Warper on Mar 21, 2021.
             Was an Initiate of Gozag.
             Mangled by a vampire knight
             ... wielding a +0 battleaxe of electrocution
              (32 damage)
             ... on level 11 of the Dungeon.
             The game lasted 00:36:01 (15831 turns).

tilp the Placeless Ogre (Ogre Warper)              Turns: 15831, Time: 00:36:03

Health: -12/111    AC:  8    Str: 17    XL:     11   Next: 81%
Magic:  3/17       EV: 10    Int: 17    God:    Gozag
Gold:   2083       SH:  0    Dex: 10    Spells: 3/18 levels left

rFire    + . .     SeeInvis .   b - +0 giant spiked club
rCold    . . .     Faith    .   (shield currently unavailable)
rNeg     + . .     Spirit   .   z - +4 robe of Ropnirch {rN+ Dex+2}
rPois    .         Reflect  .   E - +1 hat
rElec    .         Harm     .   (no cloak)
rCorr    .         Rampage  .   (gloves unavailable)
Will     ++...                  (boots unavailable)
Stlth    +.........             o - amulet of regeneration
HPRegen  1.28/turn              w - ring of protection from fire
MPRegen  0.15/turn              y - ring of willpower

@: no status effects
A: large, unfitting armour, tough skin 1
a: Renounce Religion, Potion Petition, Call Merchant, Bribe Branch


You were on level 11 of the Dungeon.
You worshipped Gozag.
Gozag was most pleased with you.
You visited 1 branch of the dungeon, and saw 11 of its levels.

You collected 2149 gold pieces.
You paid 66 gold pieces to Gozag.

Inventory:

Hand Weapons
 a - a +3 vorpal mace
 b - a +0 giant spiked club (weapon)
 N - the +6 rapier "Fawanih" {flame, MP+9}
   (You found it on level 4 of the Dungeon)

   It has been specially enchanted to burn those struck by it, causing extra
   injury to most foes and up to half again as much damage against particularly
   susceptible opponents.
   It affects your magic capacity (+9).
 Q - the +7 mace of Variability {chain chaos}
   (You found it on level 11 of the Dungeon)

   Each time it hits an enemy it has a different, random effect.
Missiles
 e - 8 boomerangs of dispersal
 m - 52 poisoned darts (quivered)
 t - a throwing net {!f}
 x - 3 atropa-tipped darts
 A - 18 boomerangs
 O - 4 large rocks
 R - 8 curare-tipped darts
Armour
 z - the +4 robe of Ropnirch (worn) {rN+ Dex+2}
   (You found it on level 4 of the Dungeon)

   It affects your dexterity (+2).
   It protects you from negative energy.
 E - a +1 hat (worn)
Jewellery
 o - an amulet of regeneration (around neck)
 w - a ring of protection from fire (right hand)
 y - a ring of willpower (left hand)
 F - a +6 ring of dexterity
 P - an amulet of faith
Wands
 C - a wand of paralysis (6)
 G - a wand of digging (8)
 I - a wand of mindburst (10)
 S - a wand of flame (26)
Scrolls
 f - a scroll of enchant armour {unknown}
 g - a scroll of amnesia
 k - 2 scrolls of summoning {unknown}
 n - a scroll of torment
 p - a scroll of silence
 s - a scroll of noise {unknown}
 B - a scroll of fog {unknown}
 J - a scroll of vulnerability {unknown}
 M - a scroll of holy word {unknown}
 T - a scroll of magic mapping {unknown}
Potions
 c - a potion of heal wounds
 d - a potion of haste
 h - 4 potions of flight
 i - 4 potions of lignification
 j - a potion of attraction
 l - 4 potions of curing
 q - 2 potions of might
 r - 2 potions of ambrosia
 u - 2 potions of cancellation
 v - 2 potions of resistance
 D - a potion of mutation
 H - 2 potions of invisibility
 K - a potion of brilliance {unknown}


   Skills:
 - Level 8.0 Fighting
 + Level 11.0 Maces & Flails
 - Level 1.0 Throwing
 - Level 2.1 Dodging
 - Level 4.0 Spellcasting
 + Level 11.0 Translocations
 - Level 4.0 Evocations


You had 3 spell levels left.
You knew the following spells:

 Your Spells              Type           Power      Damage    Failure   Level
a - Blink                 Tloc           N/A        N/A       1%          2
b - Teleport Other        Tloc           40%        N/A       1%          3
c - Gell's Gravitas       Tloc           20%        N/A       1%          3
d - Lesser Beckoning      Tloc           20%        N/A       1%          3
e - Manifold Assault      Tloc           40%        N/A       1%          4

Your spell library contained the following spells:

 Spells                   Type           Power      Damage    Failure   Level
 Beastly Appendage        Tmut           6%         N/A       16%         1
 Passwall                 Tmut/Erth      2%         N/A       24%         2
 Swiftness                Air            3%         N/A       24%         2
 Wereblood                Tmut           3%         N/A       24%         2
 Spider Form              Tmut/Pois      1%         N/A       43%         3
 Passage of Golubria      Tloc           N/A        N/A       1%          4
 Ice Form                 Ice/Tmut       3%         N/A       83%         4
 Blade Hands              Tmut           1%         N/A       99%         5
 Lee's Rapid Deconstruct  Erth           1%         3d5*      99%         5
 Invisibility             Hex            3%         N/A       100%        6


Dungeon Overview and Level Annotations

Branches:
Dungeon (11/15)            Temple (0/1) D:7            Lair (0/6) D:11
    Orc (0/2) D:11

Altars:
Gozag
Nemelex Xobeh
Ru
Trog
Xom

Shops:
D:11 (


Innate Abilities, Weirdness & Mutations

You are too large for most types of armour.
You have tough skin. (AC +1)


Message History

Okay, then.
Casting: Blink (safe; 1% risk of failure)
Confirm with . or Enter, or press ? or * to list all spells.
You blink.
Something hits you!!
* * * LOW HITPOINT WARNING * * *
Something bites you but does no damage. Something hits you!!
* * * LOW HITPOINT WARNING * * *
You are electrocuted!
* * * LOW HITPOINT WARNING * * *
Something bites you!
* * * LOW HITPOINT WARNING * * *
Something draws strength from your injuries!
Casting: Blink (safe; 1% risk of failure)
Confirm with . or Enter, or press ? or * to list all spells.
You blink.
You feel much better.
Unknown command.
Okay, then.
Something hits you!
* * * LOW HITPOINT WARNING * * *
Something bites you.
* * * LOW HITPOINT WARNING * * *
Something draws strength from your injuries!
Casting: Blink (safe; 1% risk of failure)
Confirm with . or Enter, or press ? or * to list all spells.
You blink.
A purple ugly thing comes into view.
The purple ugly thing gurgles horribly!
The purple ugly thing barely misses you.
The flayed ghost cries, "Suffer as I suffered!"
You hear some strange, mumbled words.
Something tries to affect you, but you resist.
Something hits you but does no damage. Something bites you!
* * * LOW HITPOINT WARNING * * *
Something draws strength from your injuries!
The flayed ghost cries, "Suffer as I suffered!"
Something hits you!!
You die...
Your body crumbles into a pile of gold.

#......# #.#...........#
#...Y..##..W##...........#
#......#.### #........####
#.....### #........#
#...Y.#.# #........#
###......# ##........#
.........ยง######.......###
........................#
........W...u@..........#
.......................<#
........................#
..########........###...#
####....(# ##### #.....#
#######


You could see a purple ugly thing, a flayed ghost and a yak.

Vanquished Creatures
  2 two-headed ogres (D:8)
  A cyclops (D:9)
  2 ugly things (D:11)
  A centaur zombie (D:11)
  Maggie (D:8)
  A komodo dragon (D:10)
  2 trolls (D:10)
  A hornet (D:8)
  2 wraiths
  A wyvern (D:8)
  Eustachio (D:5)
  The ghost of diceflayer the Shield-Bearer, an amateur FoFi (D:3)
  Menkaure (D:5)
  2 chaos spawn (D:11)
  3 water moccasins
  A hornet zombie (D:8)
  2 ice beasts
  7 orc warriors
  A black bear (D:7)
  3 sky beasts
  The ghost of emiel the Skirmisher, an amateur FoWn (D:3)
  A necrophage (D:9)
  5 ogres
  9 centaurs
  The ghost of Anon1729 the Sneak, an amateur KoBr (D:3)
  A wyvern zombie (D:9)
  8 bullfrogs
  3 scorpions
  14 killer bees
  19 wights
  2 jellies
  A bullfrog zombie (D:11)
  2 quasits
  7 hounds
  A bullfrog skeleton (D:10)
  5 orc priests
  4 iguanas
  Ijyb (D:5)
  10 worker ants
  Natasha (D:4)
  12 orc wizards
  A killer bee zombie (D:7)
  2 hound zombies (D:11)
  The ghost of Lanoc the Sneak, a weakling TeDe (D:5)
  A mummy (D:7)
  2 worker ant zombies
  8 gnolls
  A howler monkey skeleton (D:4)
  11 adders
  A shadow imp (D:7)
  2 white imps (D:5)
  An ooze (D:2)
  An adder zombie (D:3)
  4 adder skeletons
  3 worms
  2 dart slugs (D:1)
  5 leopard geckos
  52 orcs
  4 giant cockroaches
  8 goblins
  6 hobgoblins
  18 jackals
  8 kobolds
  2 quokkas
  A ball python (D:2)
  9 bats
  5 frilled lizards
  A jackal skeleton (D:5)
  2 orc zombies (D:7)
  A quokka skeleton (D:8)
  19 rats
326 creatures vanquished.

Vanquished Creatures (others)
  16 plants (D:4)
16 creatures vanquished.

Grand Total: 342 creatures vanquished

Notes
Turn   | Place    | Note
-------+----------+-------------------------------------------
     0 | D:1      | tilp the Ogre Warper began the quest for the Orb.
     0 | D:1      | Reached XP level 1. HP: 22/22 MP: 3/3
   358 | D:1      | Reached XP level 2. HP: 29/29 MP: 5/5
   362 | D:1      | Learned a level 2 spell: Blink
   827 | D:1      | Reached XP level 3. HP: 30/36 MP: 6/6
  1604 | D:2      | Reached XP level 4. HP: 42/44 MP: 7/7
  2431 | D:2      | Learned a level 3 spell: Teleport Other
  2492 | D:3      | Noticed a bullfrog
  2505 | D:2      | Killed a bullfrog
  2506 | D:2      | Reached XP level 5. HP: 23/50 MP: 8/10
  3014 | D:3      | Reached XP level 6. HP: 55/59 MP: 10/12
  3018 | D:3      | Learned a level 3 spell: Gell's Gravitas
  3022 | D:3      | Learned a level 3 spell: Lesser Beckoning
  3474 | D:3      | Found a runed translucent gate.
  3474 | D:3      | Found a runed translucent gate.
  3475 | D:3      | Found a runed translucent gate.
  3476 | D:3      | Noticed emiel's ghost (amateur FoWn)
  3477 | D:3      | Noticed Anon1729's ghost (amateur KoBr)
  3477 | D:3      | Noticed diceflayer's ghost (amateur FoFi)
  4269 | D:4      | Identified the +4 robe of Ropnirch {rN+ Dex+2}
  4610 | D:4      | Noticed Natasha
  4620 | D:4      | Killed Natasha
  4621 | D:4      | Reached XP level 7. HP: 65/70 MP: 13/13
  4631 | D:4      | Found a sparkling altar of Nemelex Xobeh.
  4650 | D:4      | Reached skill level 5 in Translocations
  4757 | D:4      | Identified the +6 rapier "Fawanih" {flame, MP+9}
  4954 | D:4      | Found a shimmering altar of Xom.
  4961 | D:4      | Found an opulent altar of Gozag.
  5131 | D:4      | Became a worshipper of Gozag Ym Sagoz the Greedy
  5161 | D:5      | Entered Level 5 of the Dungeon
  5161 | D:5      | Found a large runed translucent door.
  5161 | D:5      | Found a large runed translucent door.
  5161 | D:5      | Noticed Lanoc's ghost (weakling TeDe)
  5217 | D:5      | Noticed Menkaure
  5227 | D:5      | Killed Menkaure
  5297 | D:5      | Noticed Eustachio
  5444 | D:5      | Reached XP level 8. HP: 44/78 MP: 11/14
  5548 | D:5      | Noticed Ijyb
  5608 | D:5      | Noticed a moth of wrath
  5612 | D:5      | Found a bloodstained altar of Trog.
  5860 | D:5      | Killed Eustachio
  6070 | D:5      | Killed Ijyb
  6152 | D:5      | Learned a level 4 spell: Manifold Assault
  6355 | D:5      | Reached skill level 5 in Fighting
  6768 | D:6      | Reached skill level 5 in Maces & Flails
  6874 | D:6      | Reached XP level 9. HP: 82/89 MP: 6/15
  7961 | D:7      | Found a staircase to the Ecumenical Temple.
  8930 | D:7      | Found a sacrificial altar of Ru.
  8942 | D:7      | Reached skill level 1 in Evocations
  9155 | D:7      | Reached XP level 10. HP: 104/104 MP: 7/16
  9641 | D:8      | Noticed Maggie
  9863 | D:8      | Noticed a two-headed ogre
  9891 | D:8      | Killed a two-headed ogre
 10239 | D:8      | Killed Maggie
 10555 | D:8      | Noticed a two-headed ogre
 10561 | D:8      | Killed a two-headed ogre
 10963 | D:3      | Killed diceflayer's ghost
 10998 | D:3      | Killed emiel's ghost
 11006 | D:3      | Killed Anon1729's ghost
 11147 | D:5      | Killed Lanoc's ghost
 11413 | D:9      | Reached XP level 11. HP: 54/111 MP: 5/17
 12367 | D:9      | Noticed a cyclops
 12376 | D:9      | Killed a cyclops
 12701 | D:9      | Reached skill level 10 in Translocations
 12802 | D:9      | Reached skill level 10 in Maces & Flails
 13048 | D:10     | Entered Level 10 of the Dungeon
 14474 | D:10     | Found a sparkling altar of Nemelex Xobeh.
 14658 | D:11     | Found Vofoit Nuucw's Antique Weapon Shop.
 14664 | D:11     | Noticed a green ugly thing
 14669 | D:11     | Killed a green ugly thing
 14749 | D:11     | Noticed a brown ugly thing
 14758 | D:11     | Killed a brown ugly thing
 15512 | D:11     | Found a shimmering altar of Xom.
 15514 | D:11     | Found the +7 mace of Variability {chain chaos}
 15646 | D:11     | Noticed a flayed ghost
 15647 | D:11     | Noticed a vampire knight
 15712 | D:11     | Found a staircase to the Lair.
 15752 | D:11     | Found a staircase to the Orcish Mines.
 15803 | D:11     | Paralysed by a vampire knight for 7 turns
 15815 | D:11     | HP: 4/111 [something (11)]
 15821 | D:11     | Noticed a purple ugly thing
 15831 | D:11     | Mangled by a vampire knight

Illustrated notes

Levels and vault maps discovered:
D:1:      dpeg_arrival_ratfight, layout_loops_corners, minmay_pentomino_v4
D:2:      layout_basic
D:3:      layout_loops_ring, gammafunk_ghost_cemetery
D:4:      layout_loops_ring, nicolae_overflow_hidden_temple,
          amethyst_overflow_temple_binary, serial_forest,
          infiniplex_forest_clump_diagonal, infiniplex_forest_end_1,
          infiniplex_forest_lined_3_way, infiniplex_forest_zigzag_1,
          infiniplex_forest_lined_corner, infiniplex_forest_clump_cross,
          infiniplex_forest_clump_cross, uniq_natasha
D:5:      layout_cave_pools, tgw_trog, ebering_ghost_disaster_area,
          uniq_eustachio, uniq_ijyb, uniq_menkaure
D:6:      layout_gridville, feat_on_display
D:7:      layout_loops_cross, minmay_temple_entry_ruins, enter_bailey_8,
          nicolae_ossuary_entry_giza, hangedman_abyss_or_decor_stagger,
          nicolae_ru_great_annihilating_truth
D:8:      layout_cave_pools, uniq_maggie
D:9:      layout_stronghold, kennysheep_windowed_goal
D:10:     layout_irregular_city, nemelex_diamond_rough_becter
D:11:     minmay_mutant_horseshoe, layout_irregular_city, lair_entry_dummy,
          orc_0_dummy, serial_shops, nicolae_shop_trees,
          chequers_serial_rivers_small_b, minmay_guarded_unrand_variability

Skill      XL: |  1  2  3  4  5  6  7  8  9 10 11 |
---------------+----------------------------------+-----
Maces & Flails | 2 3 4 5 8 9 11 | 11.0
Translocations | 3 4 7 8 9 11 | 11.0
Spellcasting   | 3 4 |  4.0
Fighting       | 4 6 8 |  8.0
Evocations     | 2 4 |  4.0
Throwing       | |  1.0
Dodging        | |  2.1

Action                   |  1- 3 |  4- 6 |  7- 9 | 10-12 || total
-------------------------+-------+-------+-------+-------++-------
Melee: Mace              |    69 |   217 |   397 |   205 ||   888
       Rapier            |       |       |     4 |       ||     4
       Giant spiked club |       |       |       |   364 ||   364
Throw: Dart              |       |    25 |   111 |    22 ||   158
 Cast: Teleport Other    |       |     1 |     2 |     1 ||     4
       Blink             |       |       |     7 |    13 ||    20
       Manifold Assault  |       |       |    27 |   112 ||   139
       Gell's Gravitas   |       |       |     2 |     2 ||     4
       Lesser Beckoning  |       |       |       |     3 ||     3
Evoke: Wand              |       |       |     3 |    12 ||    15
  Use: Scroll            |     1 |     5 |     3 |     8 ||    17
       Potion            |       |       |     3 |     3 ||     6
 Stab: Sleeping          |       |     1 |     2 |       ||     3
       Paralysed         |       |       |     7 |    18 ||    25
       Distracted        |       |       |     1 |     1 ||     2
Armor: Robe              |    15 |    58 |   172 |   146 ||   391
Dodge: Dodged            |    40 |   122 |   224 |   254 ||   640

Table legend: (Time is in decaauts)
 A = Elapsed time spent in this place.
 B = Non-inter-level travel time spent in this place.
 C = Inter-level travel time spent in this place.
 D = Time resting spent in this place.
 E = Time spent auto-exploring this place.
 F = Levels seen in this place.
 G = Mean time per level.
                   A        B        C        D        E       F      G
               +--------+--------+--------+--------+--------+-----+--------+
         Total |  16034 |  15106 |    928 |   2468 |   9558 |  11 | 1457.6 |
       Dungeon |  16034 |  15106 |    928 |   2468 |   9558 |  11 | 1457.6 |
               +--------+--------+--------+--------+--------+-----+--------+

Top non-repeatable levels by time:
     D:9: 1930 daAuts
     D:7: 1751 daAuts
     D:6: 1688 daAuts
    D:10: 1640 daAuts
     D:4: 1503 daAuts
     D:2: 1414 daAuts
     D:1: 1325 daAuts
     D:5: 1324 daAuts
     D:3: 1254 daAuts
    D:11: 1107 daAuts
     D:8: 1093 daAuts
